 Dungeon Crawl Stone Soup version 0.29-a0-111-gbaf749a769 (webtiles) character file.

Game seed: 5281265492274254203

7298 kae the Grappler (level 10, 0/100 HPs)
             Began as a Grey Draconian Transmuter on Feb 17, 2022.
             Was a Follower of Ru.
             Slain by a troll (7 damage)
             ... on level 10 of the Dungeon.
             The game lasted 00:06:56 (9492 turns).

kae the Grappler (Grey Draconian Transmuter)        Turns: 9492, Time: 00:06:56

Health: 0/100      AC:  8    Str: 16    XL:     10   Next: 89%
Magic:  15/18      EV: 12    Int: 15    God:    Ru [*.....]
Gold:   986        SH:  0    Dex: 17    Spells: 13/20 levels left

rFire   x . .      SeeInvis .     - Unarmed
rCold   + + +      Faith    .   (shield currently unavailable)
rNeg    . . .      Spirit   .   (armour unavailable)
rPois   +          Reflect  .   (helmet currently unavailable)
rElec   .          Harm     .   (cloak currently unavailable)
rCorr   .          Rampage  .   (gloves currently unavailable)
Will    .....                   (boots currently unavailable)
Stlth   ++........              d - amulet of regeneration
HPRegen 1.06/turn               a - ring of poison resistance
MPRegen 0.16/turn               u - +6 ring of dexterity

@: ice-form
A: freezing attack, boosted hp, AC +12, amphibious, large, unfitting armour,
(cold-blooded), hated by all
a: End Transformation, Renounce Religion


You were on level 10 of the Dungeon.
You worshipped Ru.
Ru was aware of your devotion.
You were a creature of crystalline ice.
You visited 2 branches of the dungeon, and saw 11 of its levels.
You also visited: Ossuary.

You collected 986 gold pieces.

Inventory:

Missiles
 s - 3 throwing nets
Jewellery
 a - a ring of poison resistance (left front paw)
 d - an amulet of regeneration (around neck)
 e - a ring of ice
 j - an amulet of the acrobat
 u - a +6 ring of dexterity (right front paw)
 v - an amulet of reflection
 E - a +6 ring of intelligence
Wands
 l - a wand of paralysis (6) (quivered)
 p - a wand of polymorph (12)
 q - a wand of iceblast (13)
 r - a wand of acid (4)
 w - a wand of charming (4)
Scrolls
 b - 3 scrolls of noise
 i - 10 scrolls of teleportation
 x - a scroll of amnesia
 y - a scroll of enchant weapon
 C - a scroll of enchant armour
 F - 2 scrolls of identify
Potions
 c - 3 potions of ambrosia
 f - 4 potions of might
 g - 3 potions of mutation
 h - a potion of heal wounds {unknown}
 k - 3 potions of magic
 m - 2 potions of haste {unknown}
 n - 3 potions of degeneration {unknown}
 o - 3 potions of attraction {unknown}
 t - a potion of invisibility
 z - 2 potions of lignification {unknown}
 A - 3 potions of curing {unknown}
 B - 2 potions of brilliance {unknown}
 D - a potion of cancellation {unknown}


   Skills:
 + Level 6.6 Fighting
 + Level 5.7 Dodging
 * Level 9.1 Unarmed Combat
 + Level 5.8 Spellcasting
 * Level 8.8 Transmutations
 - Level 5.0 Ice Magic
 - Level 2.0 Poison Magic


You had 13 spell levels left.
You knew the following spells:

 Your Spells              Type           Power      Damage    Failure   Level
b - Spider Form           Tmut/Pois      20%        N/A       4%          3
c - Ice Form              Ice/Tmut       25%        N/A       9%          4

Your spell library contained the following spells:

 Spells                   Type           Power      Damage    Failure   Level
 Beastly Appendage        Tmut           60%        N/A       1%          1
 Wereblood                Tmut           30%        N/A       1%          2
 Passwall                 Tmut/Erth      14%        N/A       3%          2
 Ozocubu's Armour         Ice            19%        N/A       6%          3
 Ignite Poison            Fire/Tmut/Pois 15%        N/A       11%         3
 Apportation              Tloc           8%         N/A       16%         1
 Sandblast                Erth           8%         2d5       16%         1
 Poisonous Vapours        Pois/Air       14%        N/A       16%         2
 Corpse Rot               Necr/Air       8%         N/A       22%         2
 Mephitic Cloud           Conj/Pois/Air  6%         N/A       34%         3
 Stone Arrow              Conj/Erth      8%         3d7       41%         3
 Alistair's Intoxication  Tmut/Pois      13%        N/A       41%         5
 Anguish                  Hex/Necr       2%         N/A       83%         4
 Freezing Cloud           Conj/Ice/Air   4%         6-21      91%         5
 Enfeeble                 Hex            2%         N/A       100%        7
 Ozocubu's Refrigeration  Ice            9%         4d6       100%        7
 Summon Small Mammal      Summ           Unusable   N/A       N/A         1
 Call Canine Familiar     Summ           Unusable   N/A       N/A         3
 Summon Guardian Golem    Hex/Summ       Unusable   N/A       N/A         3
 Tukima's Dance           Hex            Unusable   N/A       N/A         3

Dungeon Overview and Level Annotations

Branches:
Dungeon (10/15)            Temple (1/1) D:7         Ossuary (visited)
   Lair: D:8-11         Orc: D:9-12

Altars:
Ashenzari
Cheibriados
Dithmenos
Elyvilon
Fedhas
Gozag
Hepliaklqana
Kikubaaqudgha
Makhleb
Nemelex Xobeh
Okawaru
Qazlal
Ru
Sif Muna
Trog
Uskayaw
Vehumet
Wu Jian
Xom
Yredelemnul
Zin
The Shining One

Shops:
D:1 [   D:8 [   D:9 [

Annotations:
D:2 1 runed translucent door, Crazy Yiuf
D:6 3 runed translucent doors, bmj180's ghost, novice MfIE
D:8 4 runed translucent doors


Innate Abilities, Weirdness & Mutations

You are a creature of crystalline ice.
You have a powerful freezing melee attack.
Your maximum health is increased.
Your armour is entirely melded.
You are incapable of wielding weapons or throwing items.
((Your dull iron-grey scales are very hard. (AC +12)))
You are amphibious.
You cannot fit into any form of body armour.
((You are cold-blooded and may be slowed by cold attacks.))
You are hated by all.


Message History

You are too injured to fight recklessly!
A troll is nearby!
You are too injured to fight recklessly!
You are too injured to fight recklessly!
A troll is nearby!
You are too injured to fight recklessly!
You are too injured to fight recklessly!
A troll is nearby!
You are too injured to fight recklessly!
You are too injured to fight recklessly!
A troll is nearby!
You punch the troll! You freeze the troll.
The troll is heavily wounded.
The troll bites you but does no damage. The troll claws you.
The troll closely misses you.
You hit the troll but do no damage.
The troll is heavily wounded.
The troll bites you! The troll claws you!
The troll claws you but does no damage.
You barely miss the troll.
The troll is heavily wounded.
The troll bites you. The troll barely misses you.
The troll claws you but does no damage.
You punch the troll! You freeze the troll.
The troll is severely wounded.
You barely miss the troll.
The troll is severely wounded.
The troll bites you but does no damage. The troll claws you.
The troll claws you!
* * * LOW HITPOINT WARNING * * *
You hit the troll but do no damage.
The troll is severely wounded.
The troll bites you!
* * * LOW HITPOINT WARNING * * *
The troll barely misses you. The troll claws you!
* * * LOW HITPOINT WARNING * * *
You hit the troll. You freeze the troll.
The troll is severely wounded.
The troll bites you!
You die...

#### #..........#
#.........##########
#.........#.......#
#.......(.#....>..#
#.........#.......#
+#####.........#.......#
.....#.........#.......#
####
.....#.........#.T.....#
#...
.....#.........#Y###+###.
#...
##...##'#####............
#...
##...##.....+.###...##...
##.. #...........#.#
#...# #.. #...........#.#
#.....[ #..
#...........#.# #.......#
#.. ##...##.....#.#
#.#+##### #..
##...##.....#.. ..# #..
#....############## ###


You could see a troll.

Vanquished Creatures
  3 two-headed ogres
  2 hornets
  Grinder (D:3)
  Sigmund (D:5)
  2 wyverns
  A wraith (D:8)
  An acid dragon (D:10)
  A water moccasin (D:7)
  An ice beast (D:8)
  2 orc warriors
  2 sky beasts
  A black bear (D:6)
  A necrophage (D:6)
  An ogre (D:4)
  6 centaurs
  2 phantoms (D:6)
  2 kobold brigands (D:9)
  Blork the orc (D:5)
  4 bullfrogs
  5 scorpions
  A wyvern zombie (D:7)
  A gnoll sergeant (D:7)
  6 wights
  4 howler monkeys
  A hound (D:5)
  5 centaur zombies
  7 orc priests
  Jessica (D:3)
  Ijyb (D:5)
  3 iguanas
  5 orc wizards
  8 mummies (Ossuary)
  3 howler monkey zombies
  3 howler monkey skeletons (D:7)
  6 gnolls (D:7)
  2 adders
  A shadow imp (D:6)
  3 white imps
  An ufetubus (D:3)
  2 adder skeletons
  3 worms
  28 orcs
  5 bats
  3 endoplasms
  A giant cockroach (D:1)
  2 gnoll zombies (Ossuary)
  9 goblins
  6 hobgoblins
  6 jackals
  5 quokkas
  5 ball pythons
  6 frilled lizards
  A hobgoblin zombie (Ossuary)
  18 kobolds
  2 kobold zombies (Ossuary)
  3 orc zombies (Ossuary)
  5 rats
212 creatures vanquished.

Vanquished Creatures (collateral kills)
  A hornet (D:7)
  An orc wizard (D:7)
2 creatures vanquished.

Vanquished Creatures (others)
  An orc wizard (D:8)
  A fungus (D:1)
  5 plants (D:7)
  2 toadstools (D:1)
9 creatures vanquished.

Grand Total: 223 creatures vanquished

Notes
Turn   | Place    | Note
-------+----------+-------------------------------------------
     0 | D:1      | kae the Draconian Transmuter began the quest for the Orb.
     0 | D:1      | Reached XP level 1. HP: 16/16 MP: 3/3
   275 | D:1      | Reached XP level 2. HP: 16/23 MP: 3/5
   683 | D:1      | Found Lebin's Armour Boutique.
   711 | D:1      | Reached XP level 3. HP: 26/28 MP: 4/6
   719 | D:1      | Learned a level 3 spell: Spider Form
  1559 | D:2      | Found a runed translucent door.
  1560 | D:2      | Noticed Crazy Yiuf
  1835 | D:3      | Noticed Jessica
  1839 | D:3      | Found a faded altar of an unknown god.
  1842 | D:3      | Killed Jessica
  1843 | D:3      | Reached XP level 4. HP: 15/36 MP: 5/7
  2003 | D:3      | Reached skill level 1 in Poison Magic
  2250 | D:3      | Noticed Grinder
  2269 | D:3      | Paralysed by Grinder for 5 turns
  2273 | D:3      | Killed Grinder
  2274 | D:3      | Reached skill level 4 in Unarmed Combat
  2274 | D:3      | Reached XP level 5. HP: 28/42 MP: 6/9
  2274 | D:3      | Reached XP level 6. HP: 33/50 MP: 6/10
  2314 | D:3      | Learned a level 4 spell: Ice Form
  2873 | D:4      | Reached skill level 1 in Ice Magic
  3429 | D:4      | Your scales start taking on a dull iron-grey colour.
  3429 | D:4      | Reached XP level 7. HP: 37/56 MP: 7/11
  3795 | D:5      | Entered Level 5 of the Dungeon
  4014 | D:5      | Reached skill level 5 in Unarmed Combat
  4182 | D:5      | Noticed Sigmund
  4195 | D:5      | Killed Sigmund
  4267 | D:5      | Reached XP level 8. HP: 55/63 MP: 10/13
  4293 | D:5      | Noticed Ijyb
  4306 | D:5      | Killed Ijyb
  4420 | D:5      | Noticed Blork the orc
  4431 | D:5      | Killed Blork the orc
  4432 | D:5      | Reached skill level 5 in Transmutations
  4930 | D:6      | Found a runed translucent gate.
  4930 | D:6      | Found a runed translucent gate.
  4930 | D:6      | Found a runed translucent gate.
  5114 | D:6      | Reached skill level 6 in Unarmed Combat
  5276 | D:6      | Noticed bmj180's ghost (novice MfIE)
  5464 | D:6      | Found a radiant altar of Vehumet.
  5465 | D:6      | Found a basalt altar of Yredelemnul.
  5696 | D:7      | Reached XP level 9. HP: 27/71 MP: 13/15
  5860 | D:7      | Reached skill level 5 in Ice Magic
  5935 | D:7      | Found a sand-covered staircase.
  5940 | Ossuary  | Entered an ossuary
  6015 | Ossuary  | Reached skill level 7 in Unarmed Combat
  6269 | D:7      | Reached skill level 5 in Fighting
  6304 | D:7      | Found a staircase to the Ecumenical Temple.
  6573 | Temple   | Entered the Ecumenical Temple
  6851 | Temple   | Became a worshipper of Ru the Awakened
  7226 | D:8      | Found Jied Ipti's Antique Armour Boutique.
  7300 | D:8      | Found a huge runed translucent gate.
  7301 | D:8      | Found a huge runed translucent gate.
  7303 | D:8      | Found a huge runed translucent gate.
  7304 | D:8      | Noticed a polar bear
  7497 | D:8      | Noticed a manticore
  7498 | D:8      | Found a huge runed translucent gate.
  7499 | D:8      | Noticed a polar bear
  7499 | D:8      | Noticed a polar bear
  7513 | D:8      | Reached XP level 10. HP: 81/81 MP: 9/17
  7666 | D:8      | Found an ornate altar of the Wu Jian Council.
  7901 | D:9      | Found Bichemy's Armour Shop.
  7907 | D:9      | Reached skill level 5 in Spellcasting
  7965 | D:9      | Reached skill level 8 in Unarmed Combat
  8140 | D:9      | Gained mutation: You are hated by all. [Ru sacrifice]
  8140 | D:9      | Reached * piety under Ru
  8282 | D:9      | Noticed a two-headed ogre
  8296 | D:9      | Killed a two-headed ogre
  8297 | D:9      | Reached skill level 5 in Dodging
  8936 | D:10     | Entered Level 10 of the Dungeon
  8984 | D:10     | Noticed a two-headed ogre
  8993 | D:10     | Killed a two-headed ogre
  9098 | D:10     | Noticed a two-headed ogre
  9107 | D:10     | Killed a two-headed ogre
  9108 | D:10     | Reached skill level 9 in Unarmed Combat
  9492 | D:10     | Slain by a troll

Illustrated notes

Levels and vault maps discovered:
D:1:      sevenhm_arrival_forest_fort_large_1, layout_basic, serial_shops,
          nicolae_shop_behind_doors, minmay_gold_behind_fungi,
          minmay_misc_feat_cross, minmay_octomino_j4
D:2:      layout_rooms, uniq_crazy_yiuf_cottage
D:3:      minmay_recursive_quarters, layout_basic,
          shapermc_ecumenical_altar_starsandcircs, dk_noncrumbling_2,
          uniq_grinder, uniq_jessica
D:4:      layout_basic, serial_forest, infiniplex_forest_corner_1,
          infiniplex_forest_lined_3, infiniplex_forest_straight_1,
          infiniplex_forest_lined_room_2, infiniplex_forest_clump_double,
          infiniplex_forest_clump_tiny, infiniplex_forest_lined_ring,
          infiniplex_forest_clump_double, chequers_serial_rivers_room_b,
          chequers_serial_rivers_micro_e
D:5:      layout_basic, uniq_sigmund, uniq_blork_the_orc, uniq_ijyb
D:6:      layout_cave_pools, minitemple, gammafunk_ghost_icy
D:7:      layout_basic, minmay_temple_entry_overgrown, enter_ossuary_5,
          hangedman_minor_gate_pass
D:8:      lemuel_bear_cage, layout_rooms, mainiacjoe_overflow_paths,
          serial_shops, nicolae_shop_temple_entry_statues_fountains,
          minmay_fractal_squares_diagonal_5
D:9:      layout_basic, st_stairs_13, nicolae_stop_n_shop_2
D:10:     layout_stronghold, minmay_splitting_lines, lemuel_old_faithful
Temple:   mainiacjoe_temple_bowtie_tessellation

Skill      XL: |  1  2  3  4  5  6  7  8  9 10 |
---------------+-------------------------------+-----
Dodging        | 2 3 4 5 |  5.7
Poison Magic   | 2 |  2.0
Transmutations | 3 4 6 7 8 |  8.8
Fighting       | 2 3 4 5 6 |  6.6
Unarmed Combat | 4 5 6 7 9 |  9.1
Ice Magic      | 1 2 4 5 |  5.0
Spellcasting   | 3 4 5 |  5.8

Action                   |  1- 3 |  4- 6 |  7- 9 | 10-12 || total
-------------------------+-------+-------+-------+-------++-------
Melee: Unarmed           |   113 |   114 |   338 |    98 ||   663
       Kick              |    20 |     3 |       |       ||    23
       Headbutt          |    10 |     2 |       |       ||    12
       Tailslap          |     7 |     4 |       |       ||    11
       Punch             |     1 |     2 |       |       ||     3
 Cast: Beastly Appendage |    22 |     5 |       |       ||    27
       Spider Form       |       |    12 |    19 |       ||    31
       Ice Form          |       |       |    21 |    16 ||    37
Invok: Sacrifice Love    |       |       |       |     1 ||     1
  Use: Scroll            |     6 |     3 |     6 |     1 ||    16
       Potion            |       |       |     1 |       ||     1
 Stab: Sleeping          |     1 |       |       |       ||     1
Armor: Skin              |    39 |    17 |    81 |    40 ||   177
Dodge: Dodged            |    87 |    84 |   242 |    42 ||   455

Table legend: (Time is in decaauts)
 A = Elapsed time spent in this place.
 B = Non-inter-level travel time spent in this place.
 C = Inter-level travel time spent in this place.
 D = Time resting spent in this place.
 E = Time spent auto-exploring this place.
 F = Levels seen in this place.
 G = Mean time per level.
                   A        B        C        D        E       F      G
               +--------+--------+--------+--------+--------+-----+--------+
         Total |   9434 |   9096 |    338 |    360 |   6970 |  12 |  786.2 |
       Dungeon |   8892 |   8598 |    294 |    339 |   6602 |  10 |  889.2 |
        Temple |    287 |    243 |     44 |      0 |    226 |   1 |  287.0 |
       Ossuary |    254 |    254 |      0 |     21 |    142 |   1 |  254.0 |
               +--------+--------+--------+--------+--------+-----+--------+

Top non-repeatable levels by time:
     D:1: 1228 daAuts
     D:5: 1024 daAuts
     D:3: 1019 daAuts
     D:9: 999 daAuts
     D:4: 960 daAuts
     D:7: 934 daAuts
     D:8: 869 daAuts
     D:6: 733 daAuts
     D:2: 571 daAuts
    D:10: 551 daAuts
  Temple: 287 daAuts
 Ossuary: 254 daAuts
